 Dungeon Crawl Stone Soup version 0.29.1-15-g9cfb28693d (webtiles) character file.

Game seed: 848688363756784307

707 Heoruswealwe the Thaumaturge (level 7, -3/32 HPs)
             Began as a Deep Elf Earth Elementalist on Apr 16, 2023.
             Was an Initiate of Vehumet.
             Succumbed to a scorpion's poison
             ... on level 5 of the Dungeon.
             The game lasted 00:27:39 (3421 turns).

Heoruswealwe the Thaumaturge (DEEE)                 Turns: 3421, Time: 00:27:42

Health: -3/32      AC:  3    Str: 11    XL:     7   Next: 39%
Magic:  9/20       EV: 16    Int: 22    God:    Vehumet [......]
Gold:   277        SH:  0    Dex: 15    Spells: 12/22 levels left

rFire   . . .      SeeInvis .   (no weapon)
rCold   . . .      Faith    .   (no shield)
rNeg    . . .      Spirit   .   a - +0 robe
rPois   .          Reflect  .   (no helmet)
rElec   .          Harm     .   q - +0 cloak
rCorr   .          Rampage  .   (no gloves)
Will    .....                   (no boots)
Stlth   ++........              (no amulet)
HPRegen 0.10/turn               c - +4 ring of evasion
MPRegen 0.17/turn               s - +6 ring of strength

@: lethally poisoned (-3 -> -23)
A: frail 1, inability to drink after injury 1
a: Renounce Religion


You were on level 5 of the Dungeon.
You worshipped Vehumet.
Vehumet was noncommittal.
You visited 2 branches of the dungeon, and saw 6 of its levels.

You collected 277 gold pieces.

Inventory:

Armour
 a - a +0 robe (worn)
 q - a +0 cloak (worn)
Jewellery
 c - a +4 ring of evasion (left hand)
 s - a +6 ring of strength (right hand)
Wands
 o - a wand of mindburst (11)
Scrolls
 h - a scroll of summoning
 p - a scroll of teleportation
 t - a scroll of amnesia {unknown}
 v - a scroll of brand weapon {unknown}
 w - a scroll of torment {unknown}
 y - a scroll of enchant armour {unknown}
Potions
 b - 2 potions of magic
 g - 3 potions of flight {unknown}
 i - 3 potions of curing {unknown}
 j - a potion of ambrosia {unknown}
 k - a potion of mutation {unknown}
 n - 2 potions of cancellation {unknown}
 r - a potion of brilliance {unknown}
 u - a potion of resistance {unknown}
 x - 2 potions of degeneration {unknown}


   Skills:
 - Level 2.4 Dodging
 - Level 2.4 Stealth
 + Level 8.1 Spellcasting
 - Level 1.1 Transmutations
 + Level 7.1 Earth Magic


You had 12 spell levels left.
You knew the following spells:

 Your Spells              Type           Power      Damage    Failure   Level
a - Sandblast             Erth           80%        2d17      1%          1
b - Stone Arrow           Conj/Erth      48%        3d10      4%          3
c - Petrify               Tmut/Erth      27%        N/A       13%         4
z - Passwall              Tmut/Erth      22%        N/A       1%          2

Your spell library contained the following spells:

 Spells                   Type           Power      Damage    Failure   Level
 Ensorcelled Hibernation  Hex/Ice        16%        N/A       11%         2
 Swiftness                Air            8%         N/A       22%         3


Dungeon Overview and Level Annotations

Branches:
Dungeon (5/15)             Temple (1/1) D:5

Altars:
Cheibriados
Elyvilon
Fedhas
Gozag
Hepliaklqana
Kikubaaqudgha
Nemelex Xobeh
Okawaru
Qazlal
Ru
Sif Muna
Uskayaw
Vehumet
Wu Jian
Xom
Yredelemnul
Zin
The Shining One

Shops:
D:3 (


Innate Abilities, Weirdness & Mutations

You are frail. (-10% HP)
You occasionally lose the ability to drink potions when taking damage.


Message History

i - 3 glowing dark potions (gained 1)
Casting: Sandblast (safe; 1% risk of failure)
Confirm with . or Enter, or press ? or * to list all spells.
Aiming: Sandblast (safe; 1% risk of failure)
Press: ? - help, Shift-Dir - straight line, f - scorpion
Aim: a scorpion (wandering, hasn't noticed you, 85% to hit)
The blast of sand hits the scorpion but does no damage.
Casting: Sandblast (safe; 1% risk of failure)
Confirm with . or Enter, or press ? or * to list all spells.
Aiming: Sandblast (safe; 1% risk of failure)
Press: ? - help, Shift-Dir - straight line, f/p - scorpion
Aim: a scorpion (85% to hit)
The blast of sand hits the scorpion but does no damage.
The scorpion stings you.
* * * LOW HITPOINT WARNING * * *
You are lethally poisoned!
The scorpion poisons you! The scorpion barely misses you.
Casting: Sandblast (safe; 1% risk of failure)
Confirm with . or Enter, or press ? or * to list all spells.
Aiming: Sandblast (safe; 1% risk of failure)
Press: ? - help, Shift-Dir - straight line, f/p - scorpion
Aim: a scorpion (85% to hit)
The blast of sand hits the scorpion!
The scorpion is heavily wounded.
* * * LOW HITPOINT WARNING * * *
You feel very sick. The scorpion stings you.
* * * LOW HITPOINT WARNING * * *
You are more poisoned.
The scorpion poisons you! The scorpion completely misses you.
Casting: Sandblast (safe; 1% risk of failure)
Confirm with . or Enter, or press ? or * to list all spells.
Aiming: Sandblast (safe; 1% risk of failure)
Press: ? - help, Shift-Dir - straight line, f/p - scorpion
Aim: a scorpion (heavily wounded, 85% to hit)
The blast of sand hits the scorpion!
You kill the scorpion!
Vehumet accepts your kill.
You die...
Xom guffaws!

.. ... ..
..#.#.#.#.#.#.#.#.##
#.................#
#.#.#<#.#.#.#.#.#
!..............
..#.#.#.#.#.#.#.#
#.....†........
##.#.#@#.#.#.#
............).##
............)..#
...##.......)..# ..
#..........>#
###.###.....# ...
##..### .... ....#
.... #...##


There were no monsters in sight!

Vanquished Creatures
  Grinder (D:3)
  A black bear (D:5)
  A centaur (D:3)
  2 phantoms (D:5)
  A scorpion (D:5)
  Crazy Yiuf (D:3)
  A gnoll (D:5)
  5 adders
  A shadow imp (D:5)
  2 ufetubi
  3 worms
  12 orcs
  10 ball pythons
  6 endoplasms
  2 giant cockroaches (D:3)
  13 goblins
  6 hobgoblins
  8 jackals (D:2)
  3 kobolds
  3 quokkas
  4 bats
  2 frilled lizards
  2 rats
90 creatures vanquished.

Vanquished Creatures (others)
  11 plants
  15 withered plants (D:2)
26 creatures vanquished.

Grand Total: 116 creatures vanquished

Notes
Turn   | Place    | Note
-------+----------+-------------------------------------------
     0 | D:1      | Heoruswealwe the Deep Elf Earth Elementalist began the
                  | quest for the Orb.
     0 | D:1      | Reached XP level 1. HP: 10/10 MP: 6/6
   110 | D:1      | Reached XP level 2. HP: 15/15 MP: 4/8
   113 | D:1      | Learned a level 2 spell: Passwall
   876 | D:2      | Found a faded altar of an unknown god.
   900 | D:2      | Prayed at the altar of an unknown god.
   900 | D:2      | Became a worshipper of Xom of Chaos
   901 | D:2      | Fell from the grace of Xom
  1036 | D:2      | Reached skill level 4 in Spellcasting
  1045 | D:2      | Reached XP level 3. HP: 19/19 MP: 7/10
  1134 | D:2      | XOM: give mutations
  1134 | D:2      | Gained mutation: You occasionally lose the ability to drink
                  | potions when taking damage. [Xom's mischief]
  1134 | D:2      | Gained mutation: You are frail. (-10% HP) [Xom's mischief]
  1282 | D:2      | XOM: swap monsters
  1647 | D:3      | Noticed Grinder
  1652 | D:3      | Reached XP level 4. HP: 21/21 MP: 9/12
  1654 | D:3      | Killed Grinder
  1655 | D:3      | Reached skill level 6 in Spellcasting
  1655 | D:3      | Reached skill level 5 in Earth Magic
  1655 | D:3      | Reached XP level 5. HP: 25/25 MP: 7/15
  1709 | D:3      | Noticed a centaur
  1712 | D:3      | Killed a centaur
  1713 | D:3      | Reached XP level 6. HP: 18/28 MP: 11/17
  1809 | D:3      | Found Gogue's Weapon Boutique.
  1886 | D:3      | Learned a level 3 spell: Stone Arrow
  1891 | D:3      | Learned a level 4 spell: Petrify
  1891 | D:3      | XOM: 2-stop teleportation journey
  1994 | D:3      | Found a runed translucent door.
  1995 | D:3      | Noticed Crazy Yiuf
  2000 | D:3      | Killed Crazy Yiuf
  2504 | D:4      | Reached skill level 7 in Spellcasting
  2564 | D:4      | XOM: 2-stop teleportation journey
  3187 | D:4      | You fall into a shaft and drop 1 floor!
  3187 | D:5      | Entered Level 5 of the Dungeon
  3215 | D:5      | Found a staircase to the Ecumenical Temple.
  3231 | D:5      | Reached XP level 7. HP: 16/32 MP: 16/20
  3236 | Temple   | Entered the Ecumenical Temple
  3252 | Temple   | Became a worshipper of Vehumet
  3401 | D:5      | Reached skill level 8 in Spellcasting
  3421 | D:5      | Succumbed to a scorpion's poison

Illustrated notes

Levels and vault maps discovered:
D:1:      matt_arrival_grand_opening, layout_basic, minivault_11
D:2:      layout_basic, shapermc_ecumenical_altar_flowoftime
D:3:      layout_basic, serial_shops, nicolae_shop_waterfront,
          kennysheep_generic_room_15, uniq_grinder, uniq_crazy_yiuf_cottage
D:4:      layout_cave_pods, roderic_roman_lattice
D:5:      layout_cave_pools, minmay_temple_entry_overgrown, serial_gnoll_camp,
          gnoll_camp_mini_hut, gnoll_camp_mini_hut, gnoll_camp_medium_01,
          gnoll_camp_mini_basic, st_stairs_11
Temple:   compressed_dpeg_circular_temple

Skill      XL: |  1  2  3  4  5  6  7 |
---------------+----------------------+-----
Earth Magic    | 4 5 6 7 |  7.1
Spellcasting   | 4 6 7 8 |  8.1
Dodging        | |  2.4
Stealth        | |  2.4
Transmutations | |  1.1

Action                   |  1- 3 |  4- 6 |  7- 9 || total
-------------------------+-------+-------+-------++-------
Melee: Unarmed           |   132 |       |     6 ||   138
       Punch             |     4 |       |       ||     4
 Cast: Sandblast         |    47 |    61 |    16 ||   124
       Passwall          |     1 |     3 |       ||     4
Invok: Renounce Religion |     1 |       |       ||     1
  Use: Scroll            |       |       |     6 ||     6
Armor: Robe              |     1 |     3 |     1 ||     5
Dodge: Dodged            |    18 |    10 |     5 ||    33
